Unix NetHack Version 5.0.0-0 post-release - last build May 23 2026 06:08:33 (1c0ff79ee797540d5714e4e18072db0edd9e58ae,branch:main).

Game began 2026-05-28 20:19:30, ended 2026-05-28 22:03:39.

Brudee, neutral female human Tourist

  ------                         ------
  |....|                         |.....
  |....|      ###################-....|      ----------------
  |.....#######                  |.....#     |..............|
  |....|# ####--------------     ..{..|#     |.........<....-#
  |.....#    #.............|     ------##    |..........`...|#
  -.----###   |............|            #    -|--------------#
   #      ####|............|            #     #              #
   #         #-----------.--            #     #              #
   #         ####        #              ##    #              #
  ##            #        ##              #    #              #
  K             #         ######         #----.--            #
  @             ####           #         #|.....|         ####
 -@------                      #         #|.....|         #-------
 |......|             ---------.--       #-.....|         #......|
 |.*.===|             |..........|        |.....|          |.....|
 |.=*===|             |..........|        |.....|          |$....|
 |..==*=|             |.........:+        -------          -------
 --------             ----+-------

Brudee the Excursionist     St:15 Dx:13 Co:18 In:12 Wi:9 Ch:14  Neutral S:5810
Dlvl:7  $:0  HP:0(75) Pw:27(27) AC:3  Xp:8/1360 T:6598 

Latest messages:
 You drop an amulet of flying (unpaid, 200 zorkmids).
 Your movements are now unencumbered.
 You drop a ruby ring (unpaid, 200 zorkmids).
 You cannot drop something you are wearing.
 The kobold zombie misses Olycan.
 The kobold zombie misses Olycan.
 What do you want to use or apply? [elnoFHI or ?*] n
 In what direction? k
 Olycan is blinded by the flash!
 Olycan gets angry!
 Welcome to experience level 8.
 Olycan drinks a potion of healing!
 Olycan can see again.
 Olycan looks better.
 What do you want to use or apply? [elnoFHI or ?*] n
 In what direction? k
 Olycan is blinded by the flash!
 Olycan zaps an oak wand!
 The wand misses you.
 There are several objects here.
 Olycan zaps an oak wand!
 Olycan zaps an oak wand!
 The wand hits you!
 Olycan hits the kobold zombie.
 The kobold zombie is destroyed!
 Olycan zaps a wand of striking!
 The wand misses you.
 Olycan zaps a wand of striking!
 The wand hits you!
 Olycan zaps a wand of striking!
 The wand hits you!
 Olycan zaps a wand of striking!
 The wand hits you!
 Olycan zaps a wand of striking!
 "Brudee!  Don't you leave without paying!"
 You escaped the shop without paying!
 You stole 475 zorkmids worth of merchandise.
 An alarm sounds!
 The Keystone Kops appear!
 What do you want to use or apply? [elnoFHI or ?*] l
 Your face and hands are already clean.
 You miss Olycan.
 Olycan hits!
 Olycan hits again!
 Olycan hits!
 Olycan hits again!
 You die...
 Olycan takes all your possessions.
 Do you want to see what you had when you died? [ynq] (y) y
 Do you want to see your attributes? [ynq] (y) q

Inventory:
 Weapons  (')')
  a - 4 +2 darts
  X - 10 +0 darts
  M - the blessed rustproof +2 Trollsbane
  A - the +1 Werebane (weapon in right hand)
 Armor    ('[')
  U - a blessed +0 orcish helm
  Q - an uncursed +0 orcish helm (being worn)
  G - a blessed +1 pair of low boots (being worn)
  W - an uncursed +0 shield of reflection (being worn)
  C - an uncursed +0 shield of shock resistance
  E - an uncursed burnt +0 oilskin cloak (being worn)
  m - a blessed +0 Hawaiian shirt with a palm tree motif (being worn)
  R - an uncursed +0 leather armor (being worn)
 Comestibles  ('%')
  j - an uncursed banana
  d - an uncursed carrot
  s - an uncursed food ration
  D - an uncursed orange
  g - 2 uncursed pancakes
  f - 3 uncursed tripe rations
  i - an uncursed tin of dried goblin meat
  h - an uncursed tin of smoked lichen
  b - 5 uncursed eggs
 Scrolls  ('?')
  Z - 3 uncursed scrolls of blank paper
  B - a cursed scroll of blank paper
  c - a blessed scroll of fire
  k - a blessed scroll of magic mapping
 Potions  ('!')
  P - an uncursed potion of enlightenment
  t - an uncursed potion of gain energy
  v - an uncursed potion of healing
  w - an uncursed potion of invisibility
  L - an uncursed potion of levitation
  K - 2 blessed potions of object detection
  y - an uncursed potion of speed
  J - an uncursed potion of water
 Rings    ('=')
  p - a cursed ring of fire resistance (on right hand)
  O - an uncursed ring of searching
  q - a cursed ring of warning
 Wands    ('/')
  F - a wand of create monster (1:8)
  I - a wand of probing (0:4)
 Tools    ('(')
  H - an uncursed blindfold
  e - an uncursed brass lantern
  o - an uncursed credit card
  n - an expensive camera (0:72)
  l - an uncursed towel
 Gems/Stones  ('*')
  N - an uncursed citrine stone
  r - 2 uncursed worthless pieces of red glass

Brudee the Tourist's attributes:

Background:
 You were an Excursionist, a level 8 female human Tourist.
 You were neutral, on a mission for The Lady
 who was opposed by Blind Io (lawful) and Offler (chaotic).
 You were right-handed.
 You were in the Dungeons of Doom, on level 7.
 You entered the dungeon 6598 turns ago.
 It was nighttime.
 You had 1360 experience points, 1200 more were needed to attain level 9.
 Your score was 5810 before end-of-game adjustments.

Basics:
 You had 0 out of 75 hit points.
 You had all 27 energy points (spell power).
 Your armor class was 3.
 Your wallet was empty.
 Autopickup was off.

Final Characteristics:
 Your strength was 15 (limit:18/100).
 Your dexterity was 13 (limit:18).
 Your constitution was 18 (limit:18).
 Your intelligence was 12 (limit:18).
 Your wisdom was 9 (limit:18).
 Your charisma was 14 (limit:18).

Final Status:
 You weren't hungry.
 You were unencumbered.
 You were wielding a saber.
 You had basic skill with saber and could have enhanced that.

Final Attributes:
 You were piously aligned.
 You were fire resistant.
 Your items were protected from fire.
 You were telepathic.
 You were guarded.
 You had reflection.
 You are dead.

Miscellaneous:
 You didn't encounter any bones levels.
 Total elapsed playing time was 1 hour, 44 minutes and 8 seconds.

Major events:
 Turn
    1: Brudee the neutral female human Tourist entered the dungeon
 1015: attained the rank of Sightseer (level 3)
 2564: performed her first genocide (mind flayers)
 2570: read a Discworld novel
 2668: stole 2941 zorkmids worth of merchandise from Kanturk's rare books
 3401: was bestowed with Trollsbane by The Lady
 3527: entered the Gnomish Mines
 3543: attained the rank of Excursionist (level 6)
 3947: reached Mine Town
 5252: was bestowed with Werebane by The Lady
 6597: stole 475 zorkmids worth of merchandise from Olycan's jewelers
 6598: killed by Mr. Olycan; the shopkeeper

Spells:
 Name                 Level Category     Fail Retention
 detect monsters        1   divination    99%   51%-75%
 dig                    5   matter       100%  76%-100%
 detect unseen          3   divination   100%  76%-100%
 slow monster           2   enchantment  100%  76%-100%
 cure blindness         2   healing      100%  76%-100%
 magic missile          2   attack       100%  76%-100%
 detect food            2   divination   100%  76%-100%

Skills:
 Fighting Skills
   bare handed combat [Unskilled]
   two weapon combat  [Unskilled]
   riding             [Unskilled]
 Weapon Skills
   dagger             [Unskilled]
   knife              [Unskilled]
   axe                [Unskilled]
   pick-axe           [Unskilled]
   short sword        [Unskilled]
   broadsword         [Unskilled]
   long sword         [Unskilled]
   two-handed sword   [Unskilled]
   saber              [Basic]
   mace               [Unskilled]
   morning star       [Basic]
   flail              [Unskilled]
   hammer             [Unskilled]
   quarterstaff       [Unskilled]
   polearms           [Unskilled]
   spear              [Unskilled]
   trident            [Unskilled]
   lance              [Unskilled]
   bow                [Unskilled]
   sling              [Unskilled]
   crossbow           [Unskilled]
   dart               [Basic]
   shuriken           [Unskilled]
   boomerang          [Unskilled]
   whip               [Unskilled]
   unicorn horn       [Unskilled]
 Spellcasting Skills
   divination spells  [Unskilled]
   enchantment spells [Unskilled]
   escape spells      [Unskilled]

Voluntary challenges:
 Character rerolling was not enabled.
 You genocided 1 type of monster.
 You never polymorphed an object.
 You never changed form.
 You used no wishes.
Achievements:
 You attained the rank of Sightseer.
 You entered a shop.
 You read from a Discworld novel.
 You entered the Gnomish Mines.
 You attained the rank of Excursionist.
 You entered Minetown.

 The Dungeons of Doom: levels 1 to 7
    Level 1:
       A fountain.
    Level 2:
    Level 3:
       Many altars.
       Stairs down to The Gnomish Mines.
    Level 4:
       A bookstore, many fountains, a sink.
    Level 5:
       A potion shop.
    Level 6:
       An altar, a fountain.
    Level 7: <- You were here.
       A ring shop, a fountain.
       Final resting place for
          you, killed by Mr. Olycan; the shopkeeper.
 The Gnomish Mines: levels 4 to 6
    Level 4:
    Level 5:
    Level 6:


Vanquished creatures:
  a small mimic
  a tengu
  a gnome ruler
  a dwarf mummy
  2 dust vortices
  2 Mordor orcs
  2 Uruk-hai
  3 rock piercers
  a rock mole
  a pony
  a yellow light
  4 shriekers
  4 gnome leaders
  a gnomish wizard
  a ghoul
  a straw golem
  a paper golem
  3 giant ants
  3 floating eyes
  4 dwarves
  2 homunculi
  a kobold shaman
  2 hill orcs
  9 rothes
  a centipede
  a giant bat
  3 Kop Sergeants
 an orc zombie
  a wererat
  2 werejackals
  2 iguanas
  a hobbit
  2 hobgoblins
  2 giant rats
  2 cave spiders
  a yellow mold
  a red mold
 15 gnomes
  9 Keystone Kops
  4 geckos
 19 jackals
  2 foxes
  2 goblins
  2 sewer rats
  6 grid bugs
  3 lichens
  2 kobold zombies
  7 newts
143 creatures vanquished.

Genocided species:
 mind flayers
1 species genocided.

Game over:
                       ----------
                      /          \
                     /    REST    \
                    /      IN      \
                   /     PEACE      \
                  /                  \
                  |      Brudee      |
                  |       0 Au       |
                  |  killed by Mr.   |
                  |   Olycan; the    |
                  |    shopkeeper    |
                  |                  |
                  |       2026       |
                 *|     *  *  *      | *
        _________)/\\_//(\/(/\)/\//\/|_)_______

Aloha Brudee the Tourist...

You died in The Dungeons of Doom on dungeon level 7 with 5810 points,
and 0 pieces of gold, after 6598 moves.
You were level 8 with a maximum of 75 hit points when you died.

